[Event "*** SCC Grand Prix: Titled Tuesday Blitz"]
[Site "Chess.com"]
[Date "2020.09.08"]
[Round "8"]
[White "ShapkinAnatoliy"]
[Black "Ave_Mariia"]
[Result "0-1"]
[WhiteElo "2653"]
[BlackElo "2479"]
[TimeControl "180+1"]
[EndTime "11:37:29 PDT"]
[Termination "Ave_Mariia won on time"]

1. d4 Nf6 2. c4 e6 3. g3 d5 4. Nf3 dxc4 5. Bg2 a6 6. O-O Nc6 7. Bg5 Be7 8. e3 Bd7 9. Nbd2 b5 10. Qc1 O-O 11. b3 cxb3 12. axb3 Nd5 13. Bxe7 Qxe7 14. Ne4 Rfd8 15. Nc5 a5 16. Rd1 Ncb4 17. Ne5 Be8 18. Qd2 c6 19. Rdc1 f6 20. Ned3 Nxd3 21. Qxd3 Bg6 22.
Qd2 Nb4 23. Qc3 e5 24. dxe5 fxe5 25. h4 Kh8 26. Bf3 e4 27. Bg2 Nd3 28. Nxd3 Rxd3 29.
Qxc6 Rf8 30. Qxb5 Qf7 31. Ra2 Rxb3 32. Qc4 Rb1 33. Rc2 Rxc1+ 34. Rxc1 Qxf2+ 35. Kh2 Qxe3 36. Rc2 h5 37. Qc6 Kh7 38. Rc5 Rf2 39. Rg5 Rf6 40. Qc5 Qxc5 41. Rxc5 a4 42. Ra5 e3 43. Rxa4 e2 44.
Ra1 Bd3 45. Kg1 Bb5 46. Re1 Kg6 47. Be4+ Kf7 48. Bd5+ Ke7 49. Bg2 Kd6 50. Bh3 Kc5 51. Kh2 Kd4 52. Rc1 Ke3 53. Rb1 Bd3 54. Ra1 Kd2 55. Ra2+ Bc2 56. Ra1 e1=Q 0-1

[Event "*** SCC Grand Prix: Titled Tuesday Blitz"]
[Site "Chess.com"]
[Date "2020.09.08"]
[Round "8"]
[White "Barmen_EV"]
[Black "Legendinunknown"]
[Result "0-1"]
[WhiteElo "2436"]
[BlackElo "2611"]
[TimeControl "180+1"]
[EndTime "11:37:29 PDT"]
[Termination "Legendinunknown won by checkmate"]

1. d4 d5 2. c4 c6 3. Nc3 Nf6 4. Nf3 e6 5. g3 Bd6 6. Bg2 Nbd7 7. O-O O-O 8. Nd2 b6 9. e4 dxe4 10. Ndxe4 Nxe4 11. Nxe4 Be7 12. Bf4 Bb7 13. Nd6 Bxd6 14. Bxd6 Re8 15. Re1 Qc8 16. c5 bxc5 17. dxc5 Ba6 18.
Qa4 Bb5 19. Qh4 Nf6 20. a4 Ba6 21. b4 Nd5 22. Be4 f5 23. Bf3 Qb7 24. Rab1 Bd3 25.
Rb2 Nf6 26. b5 Be4 27. Be2 Rad8 28. Be5 Rf8 29. b6 axb6 30. cxb6 c5 31. Bc4 Ng4 32. Bc7 Rde8 33. a5 Bh1 34. Qh3 Bd5 35. a6 Qc8 36.
Bb5 Rd8 37. Bxd8 Qxd8 38. b7 Qa5 39. Qf1 Qc3 40. f3 Qxb2 41. Qe2 Qd4+ 42. Kg2 f4 43. Rf1 fxg3 44. Kxg3 Ne3 45. Re1 Qf4+ 46. Kf2 Ng4+ 47. Kg1 Qd4+ 48. Kg2 Qf4 49. Kg1 Bxf3 50. Qxe6+ Kh8 51.
Qe7 Qd4+ 52. Kf1 Bg2+ 53. Ke2 Rf2# 0-1

[Event "*** SCC Grand Prix: Titled Tuesday Blitz"]
[Site "Chess.com"]
[Date "2020.09.08"]
[Round "8"]
[White "beto-betun"]
[Black "VladaSviridova"]
[Result "1-0"]
[WhiteElo "2148"]
[BlackElo "2267"]
[TimeControl "180+1"]
[EndTime "11:37:29 PDT"]
[Termination "beto-betun won on time"]

1. d4 d5 2. c4 c6 3. Nf3 Nf6 4. Nc3 dxc4 5. a4 Bf5 6. e3 e6 7. Bxc4 Bb4 8. O-O O-O 9. Na2 Bd6 10. b3 Nbd7 11. Bb2 Nd5 12. Nc3 Nxc3 13. Bxc3 Be4 14. Nd2 Bd5 15. Bd3 Qh4 16. g3 Qf6 17. Be4 Bxe4 18.
Nxe4 Qe7 19. Nxd6 Qxd6 20. Qd2 e5 21. Rad1 exd4 22. Bxd4 c5 23. Bc3 Qxd2 24. Rxd2 Nb6 25. Rfd1 Rac8 26. a5 Na8 27. Rd7 Nc7 28. Be5 Na6 29.
Rxb7 Rfe8 30. f4 Nb4 31. Rdd7 Nc6 32. Rxf7 Nxe5 33. Rxg7+ Kh8 34. Rxh7+ Kg8 35. fxe5 Rxe5 36. Rbg7+ Kf8 37. Rxa7 Kg8 38. Rhg7+ Kh8 39. Rge7 Rxe7 40. Rxe7 Ra8 41. e4 Rxa5 42. e5 Ra3 43. Rc7 Rxb3 44. Rxc5 Kg7 45. Kg2 Re3 46. Kf2 Re4 47. Kf3 Re1 48. Kf4 Kf7 49. h4 Ke6 50. Rc6+ Kf7 51. Rf6+ Ke7 52. g4 Rh1 53. h5 Rh2 54. Kg5 Re2 55.
Rf5 Rh2 56. h6 Ke6 57. Kg6 Rh4 58. g5 Rh1 59. h7 Rh2 60. Rf6+ Kxe5 61. Kg7 1-0

[Event "*** SCC Grand Prix: Titled Tuesday Blitz"]
[Site "Chess.com"]
[Date "2020.09.08"]
[Round "8"]
[White "GMHess"]
[Black "Msb2"]
[Result "1-0"]
[WhiteElo "2776"]
[BlackElo "2880"]
[TimeControl "180+1"]
[EndTime "11:37:30 PDT"]
[Termination "GMHess won by resignation"]

1. d4 Nf6 2. c4 e6 3. Nc3 Bb4 4. Qc2 d5 5. a3 Bxc3+ 6. Qxc3 dxc4 7. Qxc4 b6 8. Nf3 Ba6 9. Qa4+ Qd7 10. Qc2 h6 11. Bf4 O-O 12. Be5 Rc8 13. g3 c5 14.
Bxf6 gxf6 15. Bg2 Bb7 16. Qd2 Kg7 17. O-O cxd4 18. Rfd1 e5 19. e3 d3 20. Qxd3 Qxd3 21.
Rxd3 Na6 22. Nh4 Bxg2 23. Kxg2 Nc5 24. Rd2 Nb3 25. Rad1 Nxd2 26. Rxd2 Rd8 27. Re2 h5 28. Kf3 Rac8 29. Nf5+ Kf8 30. e4 Rd3+ 31. Ne3 Rc1 32. h4 Ke7 33. Kg2 Ke6 34. Nf5 Kd7 35. Ng7 Rcd1 36.
Nxh5 R1d2 37. Re1 Rxb2 38. Nxf6+ Ke6 39. Ng4 Rxa3 40. Rc1 Rd3 41. Rc6+ Rd6 42. Rc8 f5 43. exf5+ Kxf5 44. Ne3+ Ke6 45. Nc4 Rdd2 46. Nxb2 Rxb2 47. h5 Kf6 48. Rc6+ Kg5 49. h6 Rd2 50. h7 Rd8 51. Rc7 a5 52. Rg7+ Kh6 53. Rg8 Kxh7 54. Rxd8 a4 55.
Rd7+ Kg6 56. Rd6+ Kf5 57. Rxb6 e4 58. Ra6 Kg4 59. Rxa4 Kg5 60. Rxe4 Kf6 1-0

[Event "*** SCC Grand Prix: Titled Tuesday Blitz"]
[Site "Chess.com"]
[Date "2020.09.08"]
[Round "8"]
[White "eCztery"]
[Black "Jojo_1608"]
[Result "1-0"]
[WhiteElo "2302"]
[BlackElo "2183"]
[TimeControl "180+1"]
[EndTime "11:37:34 PDT"]
[Termination "eCztery won by checkmate"]

1. d4 Nf6 2. Nc3 g6 3. e4 d6 4. f4 Bg7 5. Nf3 b6 6. Bb5+ c6 7. Bd3 O-O 8. O-O c5 9. d5 Bb7 10. Ne2 Nbd7 11. c4 a6 12. Rb1 b5 13. b3 e6 14. Bb2 Ng4 15. Bxg7 Kxg7 16. Qd2 exd5 17.
cxd5 Qb6 18. Kh1 c4 19. bxc4 Nf2+ 20. Rxf2 Qxf2 21. Qc3+ Kg8 22. Ng3 Nc5 23. Bc2 Nd7 24. Rf1 Qc5 25. Nh4 Qxc4 26. Qb2 Rac8 27. Bb3 Qc3 28.
Qf2 Nc5 29. Ngf5 Nxe4 30. Qe2 Nf6 31. h3 Rce8 32. Qf2 Nxd5 33. Nxd6 Re3 34. Nxb7 a5 35.
Nd6 Nf6 36. Bxf7+ Rxf7 37. Nxf7 Kxf7 38. Nf3 b4 39. Ne5+ Kg7 40. Rd1 h5 41. Nf3 a4 42. Qd2 Qxd2 43. Rxd2 b3 44. axb3 axb3 45. Nd4 Nd5 46. Rb2 Nxf4 47. Rxb3 Re1+ 48. Kh2 Rd1 49. Rb7+ Kh6 50. Nc6 Rd2 51. Ne5 Rxg2+ 52. Kh1 Rg5 53. Nf7+ Kh7 54. Nxg5+ Kh6 55. h4 Ne2 56. Rh7# 1-0

[Event "*** SCC Grand Prix: Titled Tuesday Blitz"]
[Site "Chess.com"]
[Date "2020.09.08"]
[Round "8"]
[White "champ1000"]
[Black "CzechmVIII"]
[Result "1-0"]
[WhiteElo "2295"]
[BlackElo "2173"]
[TimeControl "180+1"]
[EndTime "11:37:34 PDT"]
[Termination "champ1000 won on time"]

1. d4 Nf6 2. c4 c5 3. d5 b5 4. cxb5 a6 5. Nc3 axb5 6. Nxb5 Ba6 7. Nc3 g6 8. g3 d6 9. Bg2 Bg7 10. Nf3 Nbd7 11. O-O Nb6 12. Re1 O-O 13. e4 Nc4 14. b3 Nd7 15. Qc2 Qa5 16. bxc4 Qxc3 17. Qxc3 Bxc3 18. Bh6 Rfb8 19. Rac1 Bxe1 20. Nxe1 Ne5 21. Bf1 Rb4 22. Nc2 Rb2 23. Ne3 Rxa2 24. Bf4 Bc8 25.
Bxe5 dxe5 26. Kg2 Rb2 27. Rc2 Rxc2 28. Nxc2 Ra4 29. Ne3 Ba6 30. g4 h6 31. h3 Kf8 32.
Be2 Ke8 33. Kg3 g5 34. Bf1 Kd8 35. h4 Bc8 36. h5 Kc7 37. Be2 Kb6 38. Kf3 Ka5 39. Bd3 Ba6 40. Nf5 Bxc4 41. Bxc4 Rxc4 42. Nxh6 Rc3+ 43. Kg2 Rb3 44. Nxf7 Rb8 45. Nxe5 Rh8 46. Nf7 Rh7 47. Nxg5 Rg7 48. f4 c4 49. h6 Rg6 50. h7 Rh6 51. d6 exd6 52. f5 c3 53. f6 c2 54. f7 c1=Q 55. f8=Q Qd2+ 56. Kg3 Qe3+ 57. Nf3 Qc5 58. Qxh6 Kb4 59. Qd2+ Kb5 60. h8=Q Kc6 61. Qhd4 Kd7 62. Qxc5 1-0

[Event "*** SCC Grand Prix: Titled Tuesday Blitz"]
[Site "Chess.com"]
[Date "2020.09.08"]
[Round "8"]
[White "chessmadara"]
[Black "Kotofeyca"]
[Result "1/2-1/2"]
[WhiteElo "1977"]
[BlackElo "2352"]
[TimeControl "180+1"]
[EndTime "11:37:36 PDT"]
[Termination "Game drawn by repetition"]

1. e4 c5 2. Nf3 d6 3. d4 cxd4 4. Nxd4 Nf6 5. Nc3 a6 6. Be2 e5 7.
Nf3 h6 8. a4 Be6 9. O-O Nc6 10.
Nd2 d5 11. exd5 Nxd5 12. Nde4 Be7 13. Nxd5 Bxd5 14. Nc3 Be6 15. Be3 O-O 16. a5 Bb4 17. Bb6 Qxd1 18. Nxd1 Nd4 19. Bd3 Be7 20. Be4 Nc6 21.
c3 f5 22. Bc2 Bd8 23. Bc5 Re8 24. b4 Bc4 25. Re1 Bg5 26. Ne3 Bxe3 27. Rxe3 g6 28.
Bb6 Kf7 29. Ba4 Re6 30. Rd1 Rae8 31. Bc5 Rd8 32. Ree1 Rxd1 33. Rxd1 Ke8 34. Bb6 Re7 35. Rd8+ Kf7 36. Rd6 Re6 37. Rd7+ Re7 38. Rd6 Re6 39. Rd2 Re7 40. h3 Ke8 41. Rd8+ Kf7 42. Rd6 Re6 43.
Rd7+ Re7 44. Rd2 g5 45. Bc5 Re8 46. Rd6 Rd8 47. Rxh6 Kg7 48. Rd6 Rxd6 49. Bxd6 Kf6 50. f3 Ke6 51. Bc5 Kd5 52. Bb6 e4 53. fxe4+ fxe4 54.
Kf2 Ne5 55. Bc2 Bd3 56. Bb3+ Nc4 57. Bxc4+ Kxc4 58. Bd4 Kd5 59. Ke3 Bf1 60. Kf2 Bb5 61. g3 Ke6 62. Ke3 Kf5 63. g4+ Kg6 64. Kxe4 Bf1 65.
Kf3 Bxh3 66. Kg3 Bf1 67. Kf3 Bc4 68. Ke3 Be6 69. Kf3 Bd5+ 70. Ke3 Be6 71. Kf3 Bd5+ 72. Ke3 Be6 1/2-1/2

[Event "*** SCC Grand Prix: Titled Tuesday Blitz"]
[Site "Chess.com"]
[Date "2020.09.08"]
[Round "8"]
[White "Yoshikrov"]
[Black "The_Machine04"]
[Result "1/2-1/2"]
[WhiteElo "2108"]
[BlackElo "2266"]
[TimeControl "180+1"]
[EndTime "11:37:36 PDT"]
[Termination "Game drawn by stalemate"]

1. e4 d6 2. d4 Nf6 3. Nc3 e5 4. dxe5 dxe5 5. Qxd8+ Kxd8 6. Nf3 Bd6 7. Bg5 Be6 8.
O-O-O Nd7 9. Nd5 Bxd5 10. Rxd5 h6 11. Bxf6+ Nxf6 12. Rb5 a6 13. Rxb7 Nxe4 14. Bc4 Nc5 15.
Bd5 Nxb7 16. Bxb7 Rb8 17. Bxa6 Ra8 18. Bc4 Ke7 19. Rd1 Rhb8 20. c3 Ra4 21. Bb3 Rg4 22. g3 Rg6 23. Nd2 f5 24. Re1 h5 25. Nf3 Kf6 26. Bc2 Rh6 27. Nh4 g6 28. Ng2 Rhh8 29.
Ne3 c6 30. Nc4 Bc7 31. Ba4 Ra8 32. b3 Ra6 33. Kb2 Rd8 34. Kc2 e4 35. Ne3 Bb6 36. Re2 Bxe3 37. fxe3 c5 38. c4 Rad6 39. a3 Ke5 40. b4 g5 41. bxc5 Ra6 42. Bb5 Rxa3 43. Kb2 Rad3 44. c6 Rd2+ 45. Rxd2 Rxd2+ 46. Kc3 Ra2 47. c7 Ra8 48. Bd7 f4 49. gxf4+ gxf4 50. c8=Q Rxc8 51.
Bxc8 fxe3 52. c5 Kd5 53. c6 Kxc6 54. Bf5 Kd5 55. Bg6 Ke5 56. Bxh5 Kf4 57. h3 Kg5 58. Bg4 Kh4 59. Kd4 Kg5 60. Kxe3 Kh6 61. Kxe4 Kg7 62.
Kf5 Kh8 63. Bf3 Kg8 64. Kg6 Kh8 65. h4 Kg8 66. h5 Kh8 67. h6 Kg8 68. h7+ Kh8 69.
Bd5 1/2-1/2

[Event "*** SCC Grand Prix: Titled Tuesday Blitz"]
[Site "Chess.com"]
[Date "2020.09.08"]
[Round "8"]
[White "NotFischer"]
[Black "Artem_Sadovsky"]
[Result "0-1"]
[WhiteElo "2256"]
[BlackElo "2531"]
[TimeControl "180+1"]
[EndTime "11:37:39 PDT"]
[Termination "Artem_Sadovsky won on time"]

1. e4 g6 2. d4 Bg7 3. Nf3 d6 4. Nc3 e5 5. dxe5 dxe5 6. Qxd8+ Kxd8 7. Bc4 f6 8. Be3 Nd7 9. O-O-O Bh6 10. Bxh6 Nxh6 11.
h3 c6 12. g4 Ke7 13. g5 Nf7 14. h4 Rf8 15. gxf6+ Kxf6 16. Ng5 Nxg5 17. hxg5+ Kg7 18. Rh2 Nb6 19. Bb3 Bg4 20. Rdh1 h5 21. gxh6+ Kh7 22.
Rg1 Bf3 23. Kd2 Rad8+ 24. Ke3 Bh5 25. Rg3 Nd7 26. Be6 Nf6 27. f3 Rd6 28. Bg4 Kxh6 29. Ne2 Rf7 30. Rgh3 Kg7 31. Bxh5 Nxh5 32. Rxh5 gxh5 33.
Rxh5 Re6 34. Ng3 Kf8 35. Nf5 Ke8 36. Rh8+ Kd7 37. Rb8 Kc7 38. Ra8 Kb6 39. c4 Rg6 40.
Rd8 Rg1 41. Re8 Rb1 42. Rxe5 Rxb2 43. f4 Rxa2 44. Re7 Ra3+ 45. Kd4 Rf8 46. Ke5 Rd8 47. Nd6 Rb8 48. f5 a5 49. f6 a4 50. f7 Rf3 51.
Re8 Kc7 52. Rxb8 Kxb8 53. c5 a3 54. f8=Q+ Rxf8 55. Kd4 a2 0-1

[Event "*** SCC Grand Prix: Titled Tuesday Blitz"]
[Site "Chess.com"]
[Date "2020.09.08"]
[Round "8"]
[White "KarstenHansch"]
[Black "Xeslu"]
[Result "1-0"]
[WhiteElo "2477"]
[BlackElo "2323"]
[TimeControl "180+1"]
[EndTime "11:37:39 PDT"]
[Termination "KarstenHansch won on time"]

1. e4 c5 2. Nf3 Nc6 3. Bb5 g6 4. O-O Bg7 5. Re1 Nf6 6. e5 Nd5 7. Nc3 Nc7 8. Bxc6 dxc6 9. Ne4 Ne6 10. d3 O-O 11. a4 b6 12. Be3 Nd4 13. Nxd4 cxd4 14.
Bf4 Be6 15. Qd2 Bd5 16. Bh6 f5 17. exf6 exf6 18. Bxg7 Kxg7 19. b3 Qd7 20. Ng3 Rae8 21. f3 Qd6 22. Rxe8 Rxe8 23. Re1 Re5 24. Rxe5 Qxe5 25. Qe2 Qxe2 26. Nxe2 c5 27. Kf2 f5 28. Nf4 Bf7 29. h4 h6 30. g3 g5 31. hxg5 hxg5 32. Nh3 Kf6 33. Ng1 a6 34. Ne2 b5 35.
axb5 axb5 36. b4 cxb4 37. Nxd4 Be8 38. Ke3 Bd7 39. f4 g4 40. Ne2 Ke6 41. Kd4 Kd6 42. Nc1 Be6 43. Nb3 Bd5 44. Nc5 Bf3 45. Na6 b3 46. cxb3 Be2 47. b4 Bf3 48. Nc5 Bd5 49.
Nd7 Bc6 50. Ne5 Be8 51. Ke3 Ke6 52. d4 Kd5 53. Kd3 Bh5 54. Nd7 Bf7 55. Nc5 Be8 56.
Nb3 Bf7 57. Nd2 Kd6 58. Nb1 Bc4+ 59. Ke3 Kd5 60. Nc3+ Kc6 61. d5+ Bxd5 62. Kd4 Be6 63. Ke5 Bc8 64. Nd1 Kb6 65. Ne3 Bb7 66. Nxf5 Bf3 67.
Ne3 1-0

[Event "*** SCC Grand Prix: Titled Tuesday Blitz"]
[Site "Chess.com"]
[Date "2020.09.08"]
[Round "8"]
[White "Harsha_Bharathakoti"]
[Black "albi1999"]
[Result "1-0"]
[WhiteElo "2805"]
[BlackElo "2630"]
[TimeControl "180+1"]
[EndTime "11:37:40 PDT"]
[Termination "Harsha_Bharathakoti won by resignation"]

1. c4 e5 2. g3 c6 3. Nf3 e4 4. Nd4 d5 5. cxd5 Qxd5 6. Nc2 Nf6 7. Nc3 Qe5 8. Bg2 Na6 9. O-O Be7 10. Ne3 Nc5 11. b4 Ne6 12. Bb2 O-O 13. Qb1 Nd4 14.
Re1 Qh5 15. Nxe4 Rd8 16. Nxf6+ Bxf6 17. f3 Qb5 18. Bf1 Qxb4 19. Bc3 Qe7 20. Qb2 Be6 21. Ng2 Bd5 22. Nf4 Bxf3 23. exf3 Nxf3+ 24. Kf2 Nxe1 25. Rxe1 Qc5+ 26. Kf3 Bxc3 27. Qxc3 Qxc3+ 28. dxc3 Kf8 29. Rb1 Rd7 30. Nd3 b6 31. Ne5 Rc7 32. Bc4 Re8 33.
Nd3 g6 34. Nf4 Kg7 35. Rb2 Rce7 36. Ng2 Kf6 37. a4 Re5 38. g4 Rc5 39. Ba2 Rxc3+ 40. Kf2 Rd8 41. Ne3 Rcd3 42. Ke2 R3d4 43. Rc2 c5 44. Bc4 Kg5 45. Kf2 f5 46. gxf5 gxf5 47. Kf3 Rf4+ 48. Ke2 Re4 49. Kf3 Rde8 50. Nd5 Rd4 51.
Rg2+ Kh6 52. Rc2 Rf8 53. Nf4 Kg5 54. Ne6+ Kf6 55. Nxf8 Kg7 56. Ne6+ Kf6 57. Nxd4 cxd4 58. Bd3 Ke5 59. Rc6 1-0

[Event "*** SCC Grand Prix: Titled Tuesday Blitz"]
[Site "Chess.com"]
[Date "2020.09.08"]
[Round "8"]
[White "chesslh19"]
[Black "Duong57"]
[Result "0-1"]
[WhiteElo "2200"]
[BlackElo "2303"]
[TimeControl "180+1"]
[EndTime "11:37:40 PDT"]
[Termination "Duong57 won on time"]

1. e4 c5 2. Nf3 d6 3. d4 cxd4 4. Nxd4 Nf6 5. Nc3 a6 6. Be2 e5 7. Nb3 Be7 8. O-O O-O 9. Be3 Be6 10. Qd2 Nbd7 11. a4 Qc7 12. Rfd1 Rac8 13. a5 Rfd8 14. Qe1 Qc6 15. Bf3 h6 16. Nc1 Nc5 17. Nd3 Nxd3 18. Rxd3 Rd7 19. Rd2 Bd8 20. h3 Bc7 21. Nd5 Bxd5 22.
exd5 Qb5 23. Rdd1 Rdd8 24. b3 Qd7 25. c4 Re8 26. Be2 Rcd8 27. Qd2 Qf5 28. Rac1 Qg6 29. Qc2 e4 30. Bd4 Bxa5 31. Ra1 Bc7 32. Bxf6 Qxf6 33.
Rab1 Bb6 34. Bf1 a5 35. Re1 Bc5 36. Qe2 b6 37. Qd2 Re5 38. Qc2 Rde8 39. Re2 Rf5 40. Rd1 Rfe5 41. Rdd2 Qg5 42. Rxe4 Rxe4 43. g3 Re1 44.
Kg2 Qf6 45. h4 Qe5 46. Rd3 Qe4+ 47. Kg1 Qf5 48. Rd2 Qxc2 49. Rxc2 Rb1 50. Rd2 Ree1 51. Kg2 Rxf1 52. Re2 Rg1+ 53. Kf3 Rxb3+ 54. Kg4 Rc1 55.
Re8+ Kh7 56. f4 Rxc4 57. Kf5 Rxg3 58. h5 Bd4 59. Rg8 g6+ 60. hxg6+ fxg6+ 61. Ke6 Re3+ 62. Kd7 Bc5 0-1

[Event "*** SCC Grand Prix: Titled Tuesday Blitz"]
[Site "Chess.com"]
[Date "2020.09.08"]
[Round "8"]
[White "NMZanette"]
[Black "northridgehawk"]
[Result "1-0"]
[WhiteElo "2194"]
[BlackElo "2283"]
[TimeControl "180+1"]
[EndTime "11:37:41 PDT"]
[Termination "NMZanette won by resignation"]

1. e4 e5 2. Nf3 Nc6 3. Bb5 Nf6 4. d3 a6 5. Bxc6 dxc6 6. Nxe5 Bc5 7. O-O O-O 8. h3 Re8 9. Nf3 Be6 10. Nc3 Qd7 11.
Ng5 Rad8 12. Nxe6 Qxe6 13. Qf3 Bd4 14. Be3 Be5 15. Rfd1 Nd7 16. d4 Bf6 17. e5 Be7 18. Qg3 Nb6 19. b3 Bf8 20. f4 Qf5 21. Qf2 h5 22. Ne2 Nd5 23. Ng3 Qh7 24. c4 Nxe3 25. Qxe3 h4 26. Ne4 b6 27. Ng5 Qf5 28. Qe4 Qxe4 29. Nxe4 f6 30. Kf1 Kf7 31. Ke2 Ke6 32. Kf3 f5 33. Ng5+ Kd7 34. d5 cxd5 35. cxd5 Kc8 36.
Rac1 Rd7 37. d6 Kb7 38. dxc7 Rxc7 39. Rxc7+ Kxc7 40. Rc1+ Kd7 41. e6+ Kd6 42. Rd1+ Kc6 43.
Rd7 a5 44. Rf7 g6 45. Rf6 Be7 46. Rxg6 Kd6 47. Nf7+ Kc5 48. Ne5 Rd8 49. Nd7+ Kd6 50. g4 fxg4+ 51. Kxg4 Rb8 52. f5 Rc8 53. f6 Kxe6 54.
Nxb6 Kf7 55. Rg7+ Kxf6 56. Rh7 Rg8+ 57. Kf3 Bb4 58. Nd5+ Ke5 59. Nxb4 axb4 60. Rxh4 Rb8 61. Re4+ Kd5 62. h4 Kc5 63. h5 Ra8 64. Re2 Rf8+ 65. Kg4 Kd4 66. h6 Kd3 67. Rh2 Rh8 68. h7 Rg8+ 69. hxg8=Q 1-0

[Event "*** SCC Grand Prix: Titled Tuesday Blitz"]
[Site "Chess.com"]
[Date "2020.09.08"]
[Round "8"]
[White "MikeSailer"]
[Black "Nils_03"]
[Result "1-0"]
[WhiteElo "2120"]
[BlackElo "2256"]
[TimeControl "180+1"]
[EndTime "11:37:41 PDT"]
[Termination "MikeSailer won by checkmate"]

1. d4 Nf6 2. Nf3 g6 3. Bf4 Bg7 4. e3 O-O 5. Be2 d6 6. O-O c5 7.
h3 b6 8. c4 Nbd7 9. Nc3 Bb7 10.
a4 cxd4 11. exd4 Ne4 12. Qc2 Nxc3 13. Qxc3 e5 14. Bh2 Rc8 15. a5 Re8 16. Rfe1 Bxf3 17. Bxf3 exd4 18. Qb4 Nc5 19. Rxe8+ Qxe8 20. Bxd6 Qe6 21.
Bxc5 bxc5 22. Qb7 d3 23. Bd5 Qe8 24. Bxf7+ Qxf7 25. Qxc8+ Bf8 26. b3 d2 27. Qd8 Qb7 28. Qd5+ Qxd5 29. cxd5 Kf7 30. Kf1 Ke7 31. Ke2 Bh6 32.
g3 Kd6 33. f4 g5 34. Kxd2 gxf4 35. gxf4 Bxf4+ 36. Kd3 Kxd5 37. Rg1 Bc7 38. Rg5+ Kc6 39. Kc4 Bxa5 40. Rxc5+ Kb6 41. Rb5+ Ka6 42. b4 Bd8 43. Rd5 Be7 44. Rd7 Bf6 45. Rxh7 Kb6 46. Rf7 Bg5 47. Rf5 Bh4 48. Rh5 Be1 49. Re5 Bd2 50. h4 a5 51.
bxa5+ Bxa5 52. Rxa5 Kxa5 53. h5 Kb6 54. h6 Kc6 55. h7 Kd6 56. h8=Q Ke6 57. Qd4 Kf5 58.
Kd5 Kg6 59. Qe4+ Kf7 60. Qe6+ Kf8 61. Qd7 Kg8 62. Ke5 Kf8 63. Kf6 Kg8 64. Qg7# 1-0

[Event "*** SCC Grand Prix: Titled Tuesday Blitz"]
[Site "Chess.com"]
[Date "2020.09.08"]
[Round "8"]
[White "PavelChernomordik"]
[Black "blitis"]
[Result "1-0"]
[WhiteElo "2358"]
[BlackElo "2485"]
[TimeControl "180+1"]
[EndTime "11:37:42 PDT"]
[Termination "PavelChernomordik won on time"]

1. e4 c5 2. Nc3 g6 3. f4 Bg7 4. Nf3 Nc6 5. Bb5 Nd4 6. Bc4 e6 7. e5 d6 8. exd6 Qxd6 9. d3 Ne7 10.
Ne4 Qc7 11. c3 Nxf3+ 12. Qxf3 O-O 13. O-O a6 14. a4 b6 15. Be3 Bb7 16. Qe2 Nd5 17.
Bd2 Kh8 18. Kh1 Rfe8 19. Qf2 f5 20. Ng5 e5 21. fxe5 Bxe5 22. Qh4 Qg7 23. Rae1 Bc6 24. Bb3 Re7 25. Nf3 Bf6 26. Bg5 Bxg5 27. Qxg5 Rae8 28. Qd2 Qf6 29. d4 Ne3 30. Rxe3 Rxe3 31. Ne5 R8xe5 32.
dxe5 Qxe5 33. Bc4 b5 34. axb5 axb5 35. Bd3 c4 36. Bxf5 gxf5 37. Qd8+ Kg7 38. Qg5+ Kf7 39. Rxf5+ Ke6 40. Rxe5+ Rxe5 41. Qg4+ Kd6 42. h4 Re4 43.
Qh5 Re5 44. Qxh7 Re1+ 45. Kh2 Re2 46. Qg6+ Kc5 47. Qg5+ Kb6 48. h5 Rxb2 49. h6 b4 50.
cxb4 c3 51. Qc5+ Kb7 52. Qxc3 Rxg2+ 53. Kh3 Rg6 54. Qe3 Bd7+ 55. Kh4 Rg4+ 56. Kh5 Rxb4 57. h7 1-0

[Event "*** SCC Grand Prix: Titled Tuesday Blitz"]
[Site "Chess.com"]
[Date "2020.09.08"]
[Round "8"]
[White "sergeikim"]
[Black "frederiksvane"]
[Result "0-1"]
[WhiteElo "2479"]
[BlackElo "2681"]
[TimeControl "180+1"]
[EndTime "11:37:44 PDT"]
[Termination "frederiksvane won on time"]

1. d4 Nf6 2. c4 e6 3. Nc3 Bb4 4. Qc2 O-O 5. a3 Bxc3+ 6. Qxc3 b6 7. Nf3 Bb7 8. g3 d6 9. Bg2 Nbd7 10. O-O Qe7 11. b3 e5 12. d5 a5 13. Nd2 Bc8 14.
Bb2 Nc5 15. e4 Ne8 16. Rae1 Bd7 17. f4 f6 18. a4 c6 19. Qc2 Nc7 20. Nb1 N7a6 21.
Nc3 Nb4 22. Qd1 Nbd3 23. Re2 exf4 24. gxf4 Bg4 25. Bf3 Bxf3 26. Rxf3 Nxb2 27. Rxb2 cxd5 28. Nxd5 Qxe4 29. Re3 Qg6+ 30. Rg2 Qh6 31. Qg4 Rae8 32. Ne7+ Kh8 33. Rh3 Rxe7 34. Rxh6 gxh6 35. h3 f5 36. Qh4 Ref7 37. Qxh6 Ne4 38. Kh2 Rg8 39. Rxg8+ Kxg8 40. Qe6 Kg7 41. Qc8 Nc5 42. Qc6 Nxb3 43. Qxd6 Nc5 44. Qxb6 Ne4 45. Qd4+ Kg6 46. c5 Rc7 47. c6 Rxc6 48. Qd5 Rc2+ 49. Kh1 Rc3 50. Kh2 Rc2+ 51. Kh1 Rc1+ 52. Kh2 Rc5 53. Qe6+ Nf6 54. Qe7 Rc2+ 55.
Kh1 Rc4 56. Kh2 Rxa4 57. Qc7 Ra2+ 58. Kg1 a4 59. Kf1 Ra1+ 0-1

[Event "*** SCC Grand Prix: Titled Tuesday Blitz"]
[Site "Chess.com"]
[Date "2020.09.08"]
[Round "8"]
[White "Gabix_94"]
[Black "Hikaru"]
[Result "0-1"]
[WhiteElo "2841"]
[BlackElo "3196"]
[TimeControl "180+1"]
[EndTime "11:37:45 PDT"]
[Termination "Hikaru won by resignation"]

1. Nf3 d5 2. g3 g6 3. Bg2 Bg7 4. O-O e5 5. d3 Ne7 6. c4 O-O 7.
cxd5 Nxd5 8. Nc3 Ne7 9. Bg5 h6 10. Bd2 Nbc6 11. a3 a5 12. Rb1 Be6 13. Qc1 Kh7 14. b4 axb4 15. axb4 Nd4 16. Nxd4 exd4 17. Ne4 Bd5 18. Bf4 c6 19. b5 g5 20. Bd6 f5 21.
bxc6 Bxc6 22. Bxe7 Qxe7 23. Nd2 Bxg2 24. Kxg2 Rfc8 25.
Qd1 Ra2 26. Rb5 Rcc2 27. Nc4 Rxe2 28. Rxf5 Qd7 29. g4 b5 30. Nb6 Qc6+ 31. Nd5 b4 32. Kg1 Qd6 33. Qb3 Rab2 34. Qc4 Rec2 35. Qb5 Qc6 36.
Ne7 Qxb5 37. Rxb5 Bf8 38. Nf5 Bc5 39. Rb7+ Kg6 40. Re1 Kf6 41. Rh7 Rxf2 42. Rxh6+ Kf7 43.
Rh7+ Kg6 44. Rh6+ Kf7 45. Rh7+ Kg8 46. Rg7+ Kf8 47. Rh7 b3 48. Rh8+ Kf7 49. Rh7+ Kg8 50. Rg7+ Kf8 51. Rh7 Rg2+ 52. Kh1 Rgd2 53. Rf1 Rf2 54.
Re1 Rbe2 55. Rb1 b2 56. Rh8+ Kf7 57. Rh7+ Ke8 58. Kg1 Rc2 59. Ng7+ Kd7 60. Nf5+ Kc6 61. Rh6+ Kb5 62. Nd6+ Bxd6 63. Rxd6 Rfd2 64. Rd5+ Kb4 65.
Rxd4+ Kb3 66. Rc4 Rxc4 67. dxc4 Kxc4 68. h4 gxh4 69. g5 Kb3 70. g6 Rd6 71. g7 Rg6+ 0-1

[Event "*** SCC Grand Prix: Titled Tuesday Blitz"]
[Site "Chess.com"]
[Date "2020.09.08"]
[Round "8"]
[White "ChessPromotionAlex"]
[Black "anon102030"]
[Result "1/2-1/2"]
[WhiteElo "2521"]
[BlackElo "2700"]
[TimeControl "180+1"]
[EndTime "11:37:45 PDT"]
[Termination "Game drawn - insufficient material"]

1. e4 e5 2. Nf3 Nc6 3. Bb5 Nge7 4. O-O d6 5. c3 Bd7 6. d4 Ng6 7. d5 Nb8 8. Bxd7+ Nxd7 9. c4 Be7 10. Nc3 h6 11. Be3 O-O 12. b4 f5 13. exf5 Rxf5 14. Ne4 Rf7 15. Nfd2 Nf6 16. Nxf6+ Rxf6 17. Ne4 Rf7 18.
Qg4 Kh7 19. g3 Qc8 20. Qxc8 Rxc8 21. c5 dxc5 22. bxc5 Rd8 23. Rfd1 Bf8 24. Rd3 Rfd7 25. Rad1 Ne7 26. d6 cxd6 27. Rxd6 Rxd6 28. Rxd6 Nc6 29. Rxd8 Nxd8 30. g4 Kg6 31. Kf1 Kf7 32. Ke2 Ke6 33. Kd3 a6 34. Kc4 Nc6 35. h4 Na5+ 36. Kb4 Nc6+ 37.
Kc4 g6 38. f3 Na5+ 39. Kb4 Nc6+ 40. Kc4 Nb8 41. Ng3 Nd7 42. h5 g5 43. Ne4 Be7 44.
Bd2 Nb8 45. Bc3 Nc6 46. a4 Bd8 47. Ng3 Be7 48. Nf5 Bf8 49. Ne3 Nb8 50. Nd5 Nd7 51. Ne3 Bxc5 52. Nf5 Bf8 53. Bb4 Bxb4 54. Kxb4 e4 55.
fxe4 Nf6 56. Nxh6 Nxe4 57. Kc4 b6 58. Nf5 Nf6 59. Ne3 Ke5 60. h6 Nh7 61. Nd5 b5+ 62.
axb5 axb5+ 63. Kc5 Ke4 64. Nc3+ Kf3 65. Kxb5 Kxg4 66. Ne4 Kh5 67. Nxg5 Kxg5 68. Kc5 Kxh6 1/2-1/2

[Event "*** SCC Grand Prix: Titled Tuesday Blitz"]
[Site "Chess.com"]
[Date "2020.09.08"]
[Round "8"]
[White "arminmusovic"]
[Black "Nafania1"]
[Result "1-0"]
[WhiteElo "2564"]
[BlackElo "2400"]
[TimeControl "180+1"]
[EndTime "11:37:45 PDT"]
[Termination "arminmusovic won by resignation"]

1. a3 c5 2. Nc3 d5 3. e4 d4 4. Nce2 e5 5. Ng3 a6 6. Bc4 Nf6 7. d3 b5 8. Ba2 h6 9. N1e2 Bd6 10. h3 Nc6 11. O-O O-O 12. f4 exf4 13. Bxf4 Ne5 14. Qd2 Kh7 15. Rf2 Be6 16. Bxe6 fxe6 17. Raf1 Rc8 18.
Kh1 Qe7 19. Ng1 g5 20. Bxg5 hxg5 21. Qxg5 Ng8 22. Qh5+ Nh6 23. a4 Rxf2 24. Rxf2 Rf8 25. Rxf8 Qxf8 26. axb5 axb5 27. Qg5 Ng6 28. Nf3 Qf4 29. Qxf4 Bxf4 30. Nh5 Bc1 31. b4 e5 32. bxc5 Ba3 33. c6 Bd6 34. Nf6+ Kh8 35. Ne8 Nf7 36. h4 Ne7 37. Nxd6 Nxd6 38. Nxe5 Kg7 39. c7 Kf6 40. Nf3 Ndc8 41. Nxd4 Ke5 42. Nxb5 Kf4 43. Kh2 Nc6 44. Kh3 Nb4 45. g3+ Ke5 46. h5 Nxc2 47. h6 Kf6 48. e5+ Kg6 49. Nd6 Ne7 50. c8=Q Nxc8 51. Nxc8 Kxh6 52. Kg4 Kg6 53. Kf4 Nd4 54. Ke4 Ne6 55.
Nd6 Ng5+ 56. Kf4 Ne6+ 57. Ke4 Ng5+ 58. Kd5 Nf3 59. e6 Kf6 60. Ne4+ Ke7 61. d4 Nh2 62. Ke5 Ng4+ 63. Kf4 Nh2 64. d5 Nf1 65. Ke5 Ne3 66. d6+ Kd8 67. Nf6 Nc4+ 68. Kd5 Ne3+ 69. Ke4 Nc4 70.
e7+ 1-0